[Event "Titled Tuesday Blitz April 12 Late 2022"]
[White "Martinez Reyes, Pedro Ramon"]
[Black "Kosteniuk, Alexandra"]
[WhiteFideId "3901807"]
[BlackFideId "4128125"]
[WhiteElo "2410"]
[BlackElo "2469"]
[Result "0-1"]
[Round "11"]
[TimeControl "180+1"]
[Date "2022.04.12"]
[WhiteClock "0:00:06"]
[BlackClock "0:00:18"]

1. d4 Nf6 2. Nf3 d5 3. c4 e6 4. Nc3 dxc4 5. e3 a6 6. a4 b6 7. Bxc4 Bb7 8. O-O Bb4 9. Qe2 O-O 10. Rd1 Nbd7 11. Bd2 Qe7 12. Be1 Rfd8 13. Rac1 Nf8 14. Ne5 c5 15. dxc5 Bxc5 16. Rxd8 Qxd8 17. Rd1 Qc7 18. Ng4 N6d7 19. f3 Ng6 20. Bg3 Qc8 21. h3 h5 22. Nf2 Nf6 23. e4 h4 24. Bh2 Nh5 25. b3 Ng3 26. Qd2 Bb4 27. Rc1 Qc7 28. Nd3 Rd8 29. Qe1 Bc5+ 30. Nxc5 Qxc5+ 31. Qf2 Qg5 32. Bxg3 Qxc1+ 33. Qe1 Qxe1+ 34. Bxe1 Ne5 35. Be2 g5 36. Kf1 Nd3 37. Bd2 f6 38. Be3 Rd6 39. Na2 Kf7 40. Nc3 Bc8 41. Nd1 e5 42. Nc3 Be6 43. b4 Nxb4 44. Kf2 Nc2 45. Bc1 Nd4 46. Ba3 Rc6 47. Nd5 Rc2 48. Ke3 Rxe2+ 49. Kd3 Bxd5 50. exd5 Rxg2 51. a5 bxa5 52. d6 Ke6 53. d7 Kxd7 54. f4 gxf4 55. Ke4 Rg3 56. Bc5 Re3+ 57. Kd5 Rxh3 58. Bb6 f3 59. Bxa5 f2 60. Bd2 Nc6 61. Be3 f1=Q 62. Bc5 Qd3+ 63. Bd4 Qxd4# 0-1


[Site "https://www.chess.com"]

[Event "Titled Tuesday Blitz April 12 Late 2022"]
[White "Melikhov, Evgeny V."]
[Black "Khamzin, Olzhas"]
[WhiteFideId "4122046"]
[BlackFideId "13701690"]
[WhiteElo "1931"]
[BlackElo "2155"]
[Result "0-1"]
[Round "11"]
[TimeControl "180+1"]
[Date "2022.04.13"]
[WhiteClock "0:00:06"]
[BlackClock "0:00:19"]

1. d4 e6 2. c4 Nf6 3. Nc3 b6 4. e4 Bb4 5. e5 Ne4 6. Qc2 Bb7 7. Nf3 Nxc3 8. bxc3 Be7 9. Bd3 c5 10. Qe2 h6 11. O-O Na6 12. d5 Bg5 13. Nxg5 hxg5 14. Qg4 Qc7 15. Qxg5 exd5 16. cxd5 c4 17. d6 Qd8 18. Bxc4 Qxg5 19. Bxg5 Rc8 20. Bb5 Rxc3 21. Rac1 Ra3 22. Bxa6 Bxa6 23. Rfe1 O-O 24. Rc7 Bb5 25. Rec1 Rxa2 26. Rc8 Rxc8 27. Rxc8+ Kh7 28. h4 Kg6 29. g4 f6 30. exf6 gxf6 31. Rg8+ Kf7 0-1


[Site "https://www.chess.com"]

[Event "Titled Tuesday Blitz April 12 Late 2022"]
[White "Mickiewicz, Piotr"]
[Black "Ambartsumova, Karina"]
[WhiteFideId "1114891"]
[BlackFideId "4166299"]
[WhiteElo "2266"]
[BlackElo "2262"]
[Result "1-0"]
[Round "11"]
[TimeControl "180+1"]
[Date "2022.04.12"]
[WhiteClock "0:00:28"]
[BlackClock "0:00:37"]

1. e4 e5 2. Nf3 Nc6 3. Bc4 Bc5 4. d3 Nf6 5. c3 O-O 6. Bb3 d5 7. Nbd2 Re8 8. O-O h6 9. exd5 Nxd5 10. Re1 Bb6 11. Ne4 Bf5 12. Bxh6 Na5 13. Bg5 f6 14. Bxf6 gxf6 15. Bxd5+ Kg7 16. Nh4 Bc8 17. Qh5 Qxd5 18. Qg6+ Kf8 19. Qxf6+ Kg8 20. Qg5+ Kf7 21. Qh5+ Ke7 22. Ng6+ Ke6 23. Qh3+ Kf7 24. Qh7+ Ke6 25. Qg7 Qd7 26. Qxe5+ Kf7 27. Qf6+ Kg8 28. Qh8+ Kf7 29. Qh7+ Ke6 30. Nc5+ 1-0


[Site "https://www.chess.com"]

[Event "Titled Tuesday Blitz April 12 Late 2022"]
[White "Minko, Dmitry"]
[Black "Migot, Tangi"]
[WhiteFideId "24188468"]
[BlackFideId "662445"]
[WhiteElo "1928"]
[BlackElo "2522"]
[Result "0-1"]
[Round "11"]
[TimeControl "180+1"]
[Date "2022.04.13"]
[WhiteClock "0:01:26"]
[BlackClock "0:01:43"]

1. e4 c5 2. Nf3 a6 3. d4 cxd4 4. Nxd4 Nf6 5. Nc3 e5 6. Nb3 Bb4 7. f3 d5 8. exd5 Nxd5 9. Bd2 Nxc3 10. Bxc3 Bxc3+ 11. bxc3 Qc7 12. Qd2 O-O 13. Bd3 Be6 14. O-O Nd7 15. f4 exf4 16. Rxf4 Ne5 17. Be4 Rad8 18. Nd4 Bc8 19. Qe2 g6 20. Raf1 f5 21. Bd3 Nxd3 22. Qxd3 Rfe8 23. g4 fxg4 24. Rf7 Re7 25. Rxe7 Qxe7 26. Qc4+ Kg7 0-1


[Site "https://www.chess.com"]

[Event "Titled Tuesday Blitz April 12 Late 2022"]
[White "Miszler, Levente"]
[Black "Le Goff, Ronan"]
[WhiteFideId "763276"]
[BlackFideId "612073"]
[WhiteElo "1966"]
[BlackElo "2276"]
[Result "1-0"]
[Round "11"]
[TimeControl "180+1"]
[Date "2022.04.13"]
[WhiteClock "0:00:12"]
[BlackClock "0:00:16"]

1. Nf3 Nf6 2. c4 e6 3. g3 d5 4. Bg2 Be7 5. O-O O-O 6. d4 dxc4 7. Qc2 a6 8. a4 Bd7 9. Ne5 Bc6 10. Nxc6 Nxc6 11. e3 Na5 12. Nd2 c5 13. dxc5 Rc8 14. b4 cxb3 15. Nxb3 Nxb3 16. Qxb3 Bxc5 17. Qxb7 a5 18. Ba3 Bxa3 19. Rxa3 Qd6 20. Ra2 Rb8 21. Qa7 Qb4 22. Rd1 Rfd8 23. Rc1 h5 24. h3 h4 25. g4 Rbc8 26. Rxc8 Rxc8 27. Ra1 g6 28. Qb7 Rb8 29. Qxb4 Rxb4 30. Bc6 Rc4 31. Bb5 Rc2 32. Rd1 Nd5 33. Rd4 Kg7 34. g5 Nc3 35. Rxh4 Nxb5 36. axb5 Rc5 37. b6 Rxg5+ 38. Kf1 Rb5 39. Ra4 g5 40. b7 Rxb7 41. Rxa5 Kg6 42. Kg2 Rb4 43. Ra7 f5 44. Kg3 Rb3 45. Kf3 Kf6 46. Ra6 Rb5 47. Rc6 Ke5 48. Ra6 Rc5 49. Rb6 Ra5 50. Rc6 Ra3 51. Rc5+ Kd6 52. Rb5 e5 53. Rb6+ Kc5 54. Rg6 e4+ 55. Kg2 Kd5 56. Rxg5 Ke5 57. Rg6 Ra5 58. Kg3 Ra1 59. Kg2 Ra5 60. h4 Ra7 61. h5 Rh7 62. h6 Rh8 63. Kg3 Rh7 64. Kh4 f4 65. exf4+ Kxf4 66. Kh5 Kf5 67. Rg7 Rh8 68. h7 Kf4 69. Kh6 Kf3 70. Rf7+ Ke2 71. Kg7 Rxh7+ 72. Kxh7 Kf1 73. Kg6 Ke2 74. Kf5 e3 75. fxe3 Kxe3 76. Re7+ 1-0


[Site "https://www.chess.com"]

[Event "Titled Tuesday Blitz April 12 Late 2022"]
[White "Molenda, Marcin"]
[Black "Koelle, Tobias"]
[WhiteFideId "1173065"]
[BlackFideId "16207378"]
[WhiteElo "2067"]
[BlackElo "2541"]
[Result "0-1"]
[Round "11"]
[TimeControl "180+1"]
[Date "2022.04.12"]
[WhiteClock "0:01:03"]
[BlackClock "0:01:37"]

1. d4 Nf6 2. c4 c5 3. Nf3 cxd4 4. Nxd4 e5 5. Nf3 Nc6 6. Nc3 Bb4 7. Bd2 O-O 8. a3 Bxc3 9. Bxc3 Ne4 10. Qc2 Nxc3 11. Qxc3 d5 12. cxd5 Qxd5 13. e3 Bg4 14. Bc4 Qe4 15. Bd3 Qd5 16. Bc4 Qd6 17. O-O Bxf3 18. gxf3 Rac8 19. Qd3 Qf6 20. Rad1 Qxf3 21. Bd5 Qg4+ 22. Kh1 Rcd8 23. Rg1 Qh5 24. Qe4 Kh8 25. Bxc6 Rxd1 26. Bxb7 Rfd8 27. b4 Qg5 28. Qg2 Rxg1+ 29. Qxg1 Qxg1+ 30. Kxg1 f5 31. a4 Rb8 0-1


[Site "https://www.chess.com"]

[Event "Titled Tuesday Blitz April 12 Late 2022"]
[White "Nakamura, Hikaru"]
[Black "Andreikin, Dmitry"]
[WhiteFideId "2016192"]
[BlackFideId "4158814"]
[WhiteElo "2850"]
[BlackElo "2736"]
[Result "1-0"]
[Round "11"]
[TimeControl "180+1"]
[Date "2022.04.12"]
[WhiteClock "0:00:52"]
[BlackClock "0:00:12"]

1. Nf3 Nf6 2. b3 d5 3. e3 Bf5 4. Bb2 h6 5. g3 e6 6. Bg2 Be7 7. d3 O-O 8. O-O c5 9. Nbd2 Qc7 10. Ne5 Rd8 11. Qe2 Nbd7 12. Nxd7 Rxd7 13. e4 Bg4 14. f3 Bh5 15. g4 Bg6 16. e5 Ne8 17. f4 f5 18. exf6 Bxf6 19. Bxf6 Nxf6 20. g5 Nh5 21. Qxe6+ Bf7 22. Qg4 hxg5 23. fxg5 g6 24. Rf2 Ng7 25. Re1 Re7 26. Rxe7 Qxe7 27. Re2 Qd6 28. Nf3 Re8 29. Rxe8+ Bxe8 30. Qg3 Qxg3 31. hxg3 Kf7 32. d4 b6 33. Kf2 Ke7 34. Bh3 a5 35. Ke3 Nh5 36. Kf2 a4 37. c3 Ng7 38. Bg4 Ne6 39. Ke3 a3 40. Bxe6 Kxe6 41. g4 c4 42. bxc4 dxc4 43. Nd2 Kd5 44. Nb1 Bd7 45. Nxa3 Bxg4 46. Nc2 Kc6 47. Kf4 Bf5 48. Ne3 Bb1 49. a3 Kb5 50. d5 Kc5 51. Ke5 Bc2 52. d6 Ba4 53. Ke6 Bc6 54. d7 Bxd7+ 55. Kxd7 Kb5 56. Ke6 Ka4 57. Nxc4 b5 58. Nd6 Kxa3 59. Nxb5+ Ka4 60. Kf6 Kxb5 61. Kxg6 Kc4 62. Kf6 Kxc3 63. g6 Kd2 64. g7 Kc1 65. g8=Q Kb1 66. Qg2 Ka1 67. Qd2 Kb1 68. Ke5 Ka1 69. Kd4 Kb1 70. Kc3 Ka1 71. Qb2# 1-0


[Site "https://www.chess.com"]

[Event "Titled Tuesday Blitz April 12 Late 2022"]
[White "Narayanan.S.L"]
[Black "Cabarkapa, Novak"]
[WhiteFideId "5058422"]
[BlackFideId "943746"]
[WhiteElo "2494"]
[BlackElo "2443"]
[Result "1-0"]
[Round "11"]
[TimeControl "180+1"]
[Date "2022.04.12"]
[WhiteClock "0:01:50"]
[BlackClock "0:00:02"]

1. Nf3 d5 2. c4 d4 3. b4 g5 4. g3 Bg7 5. d3 g4 6. Nh4 Bf6 7. Nd2 Bxh4 8. gxh4 e5 9. Ne4 Qxh4 10. Qa4+ Kf8 11. Bg5 Qh5 12. Qa5 Nc6 13. Qxc7 f5 14. Nd6 h6 15. Bd2 Nce7 16. Nxc8 Rxc8 17. Qxe5 Rh7 18. Qxd4 Nc6 19. Qd6+ Nge7 20. Bg2 Rd8 21. Qf6+ Rf7 22. Qxh6+ Qxh6 23. Bxh6+ Kg8 24. Bd2 Nd4 25. Rc1 f4 26. Be4 f3 27. exf3 Nxf3+ 28. Bxf3 Rxf3 29. Rg1 Rfxd3 30. Rxg4+ Kf7 31. Bg5 Re8 32. Bxe7 Rxe7+ 33. Kf1 Rd2 34. Rf4+ Kg6 35. Re1 Rxe1+ 36. Kxe1 Rxa2 37. c5 a5 38. bxa5 Rxa5 39. Rc4 Ra2 40. Kf1 Kg5 41. Kg2 Rd2 42. Kg3 Rd3+ 43. f3 Rb3 44. h4+ Kh5 45. Rg4 Rc3 46. Rg5+ Kh6 47. Rd5 Rb3 48. Kg4 Kg7 49. h5 b6 50. Rd7+ Kh6 51. Rd6+ Kh7 52. Rxb6 Rc3 53. Rc6 Kg7 54. f4 Kh7 55. Kg5 Kg7 56. h6+ Kh7 57. Rc7+ Kh8 58. c6 Rg3+ 59. Kf5 Rc3 60. Kg6 Rg3+ 61. Kf6 Rc3 62. f5 Rc1 63. Rc8+ Kh7 64. c7 Rc6+ 65. Ke5 Rc1 66. f6 Re1+ 67. Kd4 Rd1+ 68. Ke3 Rc1 69. f7 Rf1 70. f8=Q Rf6 71. Qg7# 1-0


[Site "https://www.chess.com"]

[Event "Titled Tuesday Blitz April 12 Late 2022"]
[White "Noboa Silva, Kevin"]
[Black "Hoffmann, Asa"]
[WhiteFideId "3618471"]
[BlackFideId "2001470"]
[WhiteElo "2172"]
[BlackElo "2117"]
[Result "1-0"]
[Round "11"]
[TimeControl "180+1"]
[Date "2022.04.13"]
[WhiteClock "0:01:12"]
[BlackClock "0:00:04"]

1. e4 d6 2. d4 Nf6 3. Nc3 c6 4. a4 Qa5 5. Bd2 e5 6. Nge2 Be6 7. g3 Be7 8. Bg2 Qc7 9. O-O Nbd7 10. h3 O-O 11. Be3 Rfe8 12. g4 h6 13. Ng3 d5 14. exd5 Nxd5 15. Nxd5 Bxd5 16. Bxd5 cxd5 17. Nf5 Bf8 18. dxe5 Qxe5 19. Bd4 Qf4 20. Re1 g6 21. Be3 Qe5 22. Nxh6+ Bxh6 23. Bxh6 Qxb2 24. Qxd5 Nf6 25. Qf3 Ne4 26. Rad1 1-0


[Site "https://www.chess.com"]

[Event "Titled Tuesday Blitz April 12 Late 2022"]
[White "Olcayoz, Alper"]
[Black "Soysal, Serkan"]
[WhiteFideId "6300405"]
[BlackFideId "6349250"]
[WhiteElo "2255"]
[BlackElo "2440"]
[Result "0-1"]
[Round "11"]
[TimeControl "180+1"]
[Date "2022.04.12"]
[WhiteClock "0:00:09"]
[BlackClock "0:00:12"]

1. e4 e6 2. d4 d5 3. Nc3 Bb4 4. Ne2 Nf6 5. e5 Nfd7 6. a3 Be7 7. Nf4 c5 8. Qg4 cxd4 9. Qxg7 Rf8 10. Nb5 Nc6 11. Nd6+ Bxd6 12. exd6 Qa5+ 13. Bd2 Qc5 14. Bd3 Qxd6 15. O-O Nde5 16. Nh5 Nxd3 17. cxd3 Bd7 18. Bg5 f6 19. Nxf6+ Rxf6 20. Bxf6 Qf8 21. Bxd4 Qxg7 22. Bxg7 Kf7 23. Bc3 Rg8 24. d4 e5 25. Rad1 e4 26. Rfe1 Bh3 27. g3 Ne7 28. Re3 Nf5 29. Rde1 Nxe3 30. Rxe3 Bg4 31. h3 Bf3 32. Kh2 h5 33. Bb4 b6 34. Rc3 a5 35. Rc7+ Ke6 36. Bd2 h4 37. Bf4 hxg3+ 38. Bxg3 Kf5 39. Rf7+ Ke6 40. Rb7 Rc8 41. Rxb6+ Kf7 42. Rb7+ Kg6 43. Rc7 Ra8 44. h4 Kf5 45. h5 Rh8 46. Bh4 Rxh5 47. Kg3 Rh8 48. Rg7 Rc8 49. Rg5+ Ke6 50. Rg6+ Kf7 51. Rd6 Rc1 52. Rxd5 Rg1+ 53. Kf4 Rg4+ 54. Kf5 Rxh4 55. Rd7+ Ke8 56. Ra7 Rh2 57. Ke6 Kd8 58. d5 Rh6+ 59. Ke5 Rh5+ 60. Ke6 Rh6+ 61. Ke5 Rb6 62. b4 axb4 63. axb4 Rxb4 64. d6 e3 65. fxe3 Re4+ 66. Kf6 Rxe3 67. Re7 Rd3 68. Ke5 Bc6 69. Rc7 Bd7 70. Ra7 Re3+ 71. Kd5 Rh3 72. Ra8+ Bc8 73. d7 Kxd7 74. Ra7+ Kd8 75. Rg7 Rh5+ 76. Kd6 Rh6+ 77. Kd5 Bd7 78. Rg8+ Kc7 79. Rg5 Rd6+ 80. Ke5 Ra6 81. Kf4 Ra4+ 82. Kf3 Kd6 83. Rg6+ Be6 84. Rf6 Ke5 85. Rf4 Rxf4+ 86. Ke3 Ra4 87. Kd3 Ra3+ 88. Kc2 Kd4 0-1


[Site "https://www.chess.com"]

[Event "Titled Tuesday Blitz April 12 Late 2022"]
[White "Papp, Levente"]
[Black "Przybylski, Wojciech"]
[WhiteFideId "751243"]
[BlackFideId "1117599"]
[WhiteElo "2308"]
[BlackElo "2133"]
[Result "1-0"]
[Round "11"]
[TimeControl "180+1"]
[Date "2022.04.12"]
[WhiteClock "0:00:23"]
[BlackClock "0:00:03"]

1. c4 e5 2. g3 Nf6 3. Bg2 d5 4. cxd5 Nxd5 5. Nf3 Nc6 6. O-O Be7 7. d4 exd4 8. Nxd4 Nxd4 9. Qxd4 Nf6 10. Qa4+ c6 11. Rd1 Qb6 12. Na3 Be6 13. Nc4 Qb4 14. Bxc6+ Kf8 15. Qxb4 Bxb4 16. Bxb7 Rb8 17. Ba6 Ke7 18. Bf4 Rbd8 19. a3 Bxc4 20. Bxc4 Bc5 21. b4 Bd4 22. Rab1 Ne4 23. e3 Bb6 24. Rbc1 f6 25. Bd3 Nd6 26. a4 g5 27. Bxd6+ Rxd6 28. a5 Bd8 29. Bf5 h5 30. Rxd6 Kxd6 31. Rd1+ Kc6 32. Bd7+ Kc7 33. b5 Be7 34. Bc6 Bd6 35. Rc1 Bb4 36. Be4+ Kb8 37. a6 Ba5 38. Rc6 Bd8 39. Rd6 h4 40. Rd7 Bc7 41. Rf7 Re8 42. Bc6 Rd8 43. Kg2 hxg3 44. hxg3 Be5 45. Rb7+ Kc8 46. Rxa7 Rd2 47. b6 Rb2 48. Ra8+ Bb8 49. Bb7+ Kd8 50. Rxb8+ Ke7 51. a7 Rxb6 52. a8=Q g4 53. Be4 Ra6 54. Qxa6 1-0


[Site "https://www.chess.com"]

[Event "Titled Tuesday Blitz April 12 Late 2022"]
[White "Paravyan, David"]
[Black "Tari, Aryan"]
[WhiteFideId "4194985"]
[BlackFideId "1510045"]
[WhiteElo "2569"]
[BlackElo "2567"]
[Result "0-1"]
[Round "11"]
[TimeControl "180+1"]
[Date "2022.04.12"]
[WhiteClock "0:00:04"]
[BlackClock "0:00:27"]

1. e4 c6 2. d4 d5 3. e5 Bf5 4. Nf3 e6 5. Be2 Ne7 6. O-O c5 7. dxc5 Nec6 8. Bg5 Qc7 9. c4 dxc4 10. Na3 Bxc5 11. Nb5 Qb6 12. Nd6+ Bxd6 13. Qxd6 Qb4 14. Qxb4 Nxb4 15. Nd4 Bd3 16. Bf3 N8c6 17. Nxc6 Nxc6 18. Rfc1 Nxe5 19. Bxb7 Rb8 20. Bf4 f6 21. Bxe5 fxe5 22. Ba6 c3 23. Bxd3 cxb2 24. Rab1 bxc1=Q+ 25. Rxc1 Kd7 26. g3 h6 27. Rc5 Rhc8 28. Ra5 Rc7 29. Kg2 Kd6 30. h4 g5 31. hxg5 hxg5 32. f3 Rf7 33. Be4 g4 34. fxg4 Rb4 35. Ra6+ Kc5 36. Bg6 Rf6 37. Bh5 e4 38. g5 Rf5 39. Rxe6 Rxg5 40. g4 Kd4 41. Kg3 Re5 42. Rd6+ Ke3 43. Ra6 Kd2 44. Rd6+ Ke3 45. Ra6 Rd5 46. Rxa7 Kd2 47. Re7 e3 48. Kf3 Rd3 49. g5 e2+ 50. Kf2 Rf4+ 0-1


[Site "https://www.chess.com"]

[Event "Titled Tuesday Blitz April 12 Late 2022"]
[White "Pranav, V"]
[Black "Janaszak, Dawid"]
[WhiteFideId "25060783"]
[BlackFideId "1119206"]
[WhiteElo "2349"]
[BlackElo "2199"]
[Result "1-0"]
[Round "11"]
[TimeControl "180+1"]
[Date "2022.04.12"]
[WhiteClock "0:00:35"]
[BlackClock "0:00:01"]

1. Nf3 Nf6 2. g3 g6 3. Bg2 Bg7 4. O-O O-O 5. d3 d5 6. Nbd2 d4 7. Nb3 Nc6 8. Re1 e5 9. e3 dxe3 10. Bxe3 Nd5 11. Bd2 Re8 12. Nc5 b6 13. Ne4 Bb7 14. a4 a5 15. Nc3 Ncb4 16. h4 h6 17. Nxd5 Qxd5 18. h5 Qc5 19. hxg6 fxg6 20. Bxb4 Qxb4 21. Nh4 Bxg2 22. Kxg2 g5 23. Nf5 Qxb2 24. Re4 Rf8 25. Ne3 Rad8 26. Rb1 Qa2 27. Rb3 Rd4 28. Rc3 Qxa4 29. Rxc7 Rxe4 30. dxe4 Qxe4+ 31. Kg1 Qd4 32. Qe2 e4 33. Qh5 a4 34. Qg6 a3 35. Nf5 Rxf5 36. Qe6+ Kh8 37. Qxf5 Bf6 38. Qh7# 1-0


[Site "https://www.chess.com"]

[Event "Titled Tuesday Blitz April 12 Late 2022"]
[White "Putri, Regita Desyari"]
[Black "Gatterer, Florian"]
[WhiteFideId "7109083"]
[BlackFideId "811688"]
[WhiteElo "1930"]
[BlackElo "2218"]
[Result "1/2-1/2"]
[Round "11"]
[TimeControl "180+1"]
[Date "2022.04.13"]
[WhiteClock "0:02:43"]
[BlackClock "0:02:32"]

1. c4 Nf6 2. Nc3 g6 3. Nf3 Bg7 4. e4 d6 5. d4 O-O 6. Be2 e5 7. O-O Nc6 8. d5 Ne7 9. h3 Nd7 10. Rb1 a5 11. a3 h6 12. b4 axb4 13. axb4 f5 14. Qb3 b6 15. Ba3 Nf6 16. Bd3 1/2-1/2


[Site "https://www.chess.com"]

[Event "Titled Tuesday Blitz April 12 Late 2022"]
[White "Quesada Perez, Yuniesky"]
[Black "Sarana, Alexey"]
[WhiteFideId "3504409"]
[BlackFideId "24133795"]
[WhiteElo "2622"]
[BlackElo "2666"]
[Result "0-1"]
[Round "11"]
[TimeControl "180+1"]
[Date "2022.04.12"]
[WhiteClock "0:00:02"]
[BlackClock "0:00:30"]

1. e4 c5 2. Nf3 d6 3. d4 cxd4 4. Nxd4 Nf6 5. Nc3 a6 6. Be2 e5 7. Nb3 Be7 8. Be3 Be6 9. Qd3 Nbd7 10. Nd5 Rc8 11. c4 O-O 12. O-O Nc5 13. Nxc5 dxc5 14. Rfd1 Bxd5 15. cxd5 Bd6 16. b3 h6 17. a4 Qd7 18. h3 Kh7 19. Rac1 g6 20. Rc2 Rc7 21. Rdc1 Rfc8 22. a5 Qd8 23. Bg4 Nxg4 24. hxg4 Kg7 25. Qd2 g5 26. Rc4 Qd7 27. f3 Qb5 28. Qc3 Kg6 29. Kf2 f6 30. Rh1 Rh7 31. Rc1 Rhc7 32. Kg1 Qd7 33. Qd2 Qb5 34. Qa2 Kg7 35. Qa4 Kg6 36. Kf2 Kg7 37. R1c3 Kg6 38. Qa3 Kg7 39. Rc1 Kg6 40. Qa2 Kg7 41. Kg1 Kg6 42. R1c3 Kf7 43. Kf2 Ke8 44. Qa3 Kd8 45. Rc1 Bf8 46. R1c2 Be7 47. Qa4 Bd6 48. Rc1 Ra8 49. Rh1 Bf8 50. d6 Rc6 51. Qxb5 axb5 52. Rxc5 Rxa5 53. Rxc6 Ra2+ 54. Kg3 bxc6 55. Bc5 Kd7 56. b4 Rd2 57. Ra1 Bxd6 58. Ra7+ Ke6 59. Ra6 Bxc5 60. bxc5 Kd7 61. Ra7+ Kd8 62. Rf7 b4 63. Rxf6 Kc7 64. Rxh6 b3 65. Rh7+ Kb8 66. Rh1 b2 67. Rb1 Kb7 68. f4 exf4+ 69. Kf3 Kc7 70. e5 Kd7 71. Ke4 Ke6 72. Rh1 Re2+ 73. Kd4 Rxe5 74. Rh6+ Kf7 75. Rh7+ Kg6 76. Rb7 Re2 77. Rb6 Kf7 78. Rb7+ Ke8 79. Rb6 Kd7 80. Kd3 Rxg2 81. Ke4 Rd2 82. Kf5 Rd5+ 83. Ke4 Rxc5 84. Rxb2 Ke6 85. Rd2 Rc4+ 86. Kf3 Ke5 87. Kf2 Rc3 88. Re2+ Kd5 89. Re7 Rg3 0-1


[Site "https://www.chess.com"]

[Event "Titled Tuesday Blitz April 12 Late 2022"]
[White "Renjith, Sravan"]
[Black "Petrovic, Aleksa"]
[WhiteFideId "4306783"]
[BlackFideId "967629"]
[WhiteElo "1863"]
[BlackElo "2198"]
[Result "0-1"]
[Round "11"]
[TimeControl "180+1"]
[Date "2022.04.13"]
[WhiteClock "0:00:01"]
[BlackClock "0:00:04"]

1. d4 Nf6 2. Nf3 e6 3. c4 b6 4. Nc3 Bb4 5. g3 Bb7 6. Bg2 Ne4 7. Qc2 Nxc3 8. bxc3 Be7 9. O-O f5 10. Nd2 Bxg2 11. Kxg2 O-O 12. e4 Nc6 13. d5 Na5 14. f4 exd5 15. cxd5 fxe4 16. Qxe4 Bf6 17. Bb2 Qc8 18. Rae1 Qa6 19. Ba1 Rae8 20. Qf5 Nc4 21. Ne4 Bxc3 22. Qxd7 Bxa1 23. Nf6+ Bxf6 24. Rxe8 Nd6 25. Qe6+ Nf7 26. Re1 Qxa2+ 27. Kh3 Qa4 28. Qc8 g6 29. Rxf8+ Kg7 30. Rg8+ Kh6 31. Qe6 Qc2 32. Qxf7 Qf5+ 0-1


[Site "https://www.chess.com"]

[Event "Titled Tuesday Blitz April 12 Late 2022"]
[White "Romanchuk, Viktor"]
[Black "Friedel, Tom"]
[WhiteFideId "14109271"]
[BlackFideId "2002108"]
[WhiteElo "2242"]
[BlackElo "2393"]
[Result "1-0"]
[Round "11"]
[TimeControl "180+1"]
[Date "2022.04.13"]
[WhiteClock "0:00:10"]
[BlackClock "0:00:02"]

1. d4 d5 2. c4 e6 3. Nc3 Nf6 4. Nf3 Nbd7 5. cxd5 exd5 6. Bf4 c6 7. e3 Be7 8. Bd3 O-O 9. Qc2 Re8 10. O-O Nf8 11. h3 Ng6 12. Bh2 Bd6 13. Bxd6 Qxd6 14. Rab1 a5 15. a3 Qe7 16. b4 axb4 17. axb4 Ne4 18. Bxe4 dxe4 19. Nd2 f5 20. b5 Qg5 21. Ne2 Be6 22. bxc6 bxc6 23. Ra1 Rxa1 24. Rxa1 Bd5 25. Nf1 f4 26. exf4 Nxf4 27. Nxf4 Qxf4 28. Ne3 h6 29. Ra7 Rf8 30. Rd7 Ra8 31. Qd1 Ra2 32. Qe1 Rb2 33. Nxd5 cxd5 34. Rxd5 Rc2 35. Rc5 Rxc5 36. dxc5 Qe5 37. Qc1 Qc7 38. c6 e3 39. fxe3 Kf7 40. Qc4+ Ke7 41. Qd5 Qb6 42. Kf2 Qb2+ 43. Kg3 Qb8+ 44. Kf3 Qf8+ 45. Ke2 Qc8 46. Qd7+ Qxd7 47. cxd7 Kxd7 48. Kf3 Ke6 49. Ke4 g6 50. g3 Kf6 51. Kf4 Ke6 52. h4 Kf6 53. Ke4 1-0


[Site "https://www.chess.com"]

[Event "Titled Tuesday Blitz April 12 Late 2022"]
[White "Romero Ruscalleda, Josep"]
[Black "Nozdrachev, Leonid"]
[WhiteFideId "2231859"]
[BlackFideId "24113433"]
[WhiteElo "2331"]
[BlackElo "2242"]
[Result "0-1"]
[Round "11"]
[TimeControl "180+1"]
[Date "2022.04.13"]
[WhiteClock "0:00:16"]
[BlackClock "0:00:51"]

1. e4 d6 2. d4 Nf6 3. Nc3 e5 4. Nf3 Nbd7 5. Bc4 Be7 6. Be3 O-O 7. Qd2 c6 8. a4 Nxe4 9. Nxe4 d5 10. Nxe5 Nxe5 11. dxe5 dxc4 12. O-O-O Be6 13. Nd6 Bxd6 14. Qxd6 Qa5 15. Qa3 Qxe5 16. Rhe1 Qh5 17. h3 Bd5 18. Bc5 Rfe8 19. g4 Qh6+ 20. Be3 Qxh3 21. g5 Qf5 22. Rd4 b6 23. Rg1 Re4 24. Rd2 Rae8 25. a5 Qf3 26. axb6 axb6 27. Qb4 Rxe3 28. fxe3 Qxe3 29. Rf1 Qxg5 30. Qxb6 h5 31. Rg1 Qe3 32. Qxe3 Rxe3 33. Rh2 Re5 34. Kd2 g6 35. Kc3 Kg7 36. Kd4 Rf5 37. Re2 Kh6 38. Re5 Rxe5 39. Kxe5 Kg7 40. Rg3 h4 41. Rh3 g5 42. b4 cxb3 43. cxb3 Kg6 44. b4 Bg2 45. Rc3 h3 46. b5 cxb5 0-1


[Site "https://www.chess.com"]

[Event "Titled Tuesday Blitz April 12 Late 2022"]
[White "Ronka, Erik"]
[Black "Schekachikhin, Maksim"]
[WhiteFideId "505080"]
[BlackFideId "24177830"]
[WhiteElo "2264"]
[BlackElo "2230"]
[Result "1-0"]
[Round "11"]
[TimeControl "180+1"]
[Date "2022.04.12"]
[WhiteClock "0:01:08"]
[BlackClock "0:01:58"]

1. d4 d5 2. Nf3 e6 3. g3 b5 4. Bg2 Bb7 5. O-O c5 6. a4 b4 7. c4 dxc4 8. Nbd2 Nf6 9. Nxc4 Nbd7 10. Bf4 Nb6 11. Nce5 cxd4 12. Nxf7 Kxf7 13. Ne5+ Kg8 14. Bxb7 Bd6 15. Bxa8 Qxa8 16. Qxd4 Nbd5 17. Bg5 h5 18. Bxf6 gxf6 19. Nf3 Kf7 20. e4 Ne7 21. Qxd6 Qxe4 22. Qf4 1-0


[Site "https://www.chess.com"]

[Event "Titled Tuesday Blitz April 12 Late 2022"]
[White "Rozman, Levy"]
[Black "Naroditsky, Daniel"]
[WhiteFideId "2039877"]
[BlackFideId "2026961"]
[WhiteElo "2376"]
[BlackElo "2608"]
[Result "0-1"]
[Round "11"]
[TimeControl "180+1"]
[Date "2022.04.12"]
[WhiteClock "0:00:04"]
[BlackClock "0:00:45"]

1. d4 Nf6 2. Bg5 Ne4 3. h4 d5 4. e3 c5 5. Bd3 Nc6 6. Bxe4 dxe4 7. d5 Nb4 8. Nc3 h6 9. Bf4 e6 10. d6 Bd7 11. a3 Nc6 12. Nxe4 e5 13. Bg3 Qb6 14. Nf3 O-O-O 15. Nxe5 Nxe5 16. Bxe5 Re8 17. Qd5 Qc6 18. O-O-O f6 19. Nxf6 gxf6 20. Bxf6 Qxd5 21. Rxd5 Rg8 22. Rxc5+ Bc6 23. Rd1 Kd7 24. g3 Rg6 25. Be5 b6 26. Rc3 Rxe5 27. Rxc6 Kxc6 28. d7 Be7 29. d8=Q Bxd8 30. Rxd8 Rf6 31. Rd2 Rd5 32. Re2 Rfd6 33. c4 Rc5 34. Kc2 Rxc4+ 35. Kb3 b5 0-1


[Site "https://www.chess.com"]

[Event "Titled Tuesday Blitz April 12 Late 2022"]
[White "Sadilek, Peter"]
[Black "O`Gorman, Tom"]
[WhiteFideId "1616439"]
[BlackFideId "2508249"]
[WhiteElo "2145"]
[BlackElo "2247"]
[Result "0-1"]
[Round "11"]
[TimeControl "180+1"]
[Date "2022.04.12"]
[WhiteClock "0:00:02"]
[BlackClock "0:00:16"]

1. d4 Nf6 2. c4 g6 3. Nc3 Bg7 4. e4 d6 5. Be2 O-O 6. h4 c5 7. d5 e6 8. h5 exd5 9. exd5 Nbd7 10. Bf4 Re8 11. Kf1 Ne4 12. hxg6 hxg6 13. Nxe4 Rxe4 14. Qd2 Qf6 15. Nh3 Qxb2 16. Qxb2 Bxb2 17. Rb1 Be5 18. Be3 Rh4 19. g3 Rh8 20. f4 Bf6 21. a4 Kg7 22. Kg2 Nb6 23. a5 Na4 24. Bd2 Rb8 25. Nf2 Rxh1 26. Rxh1 Nc3 27. Bg4 Bxg4 28. Nxg4 Ne4 29. Be3 Bc3 30. f5 gxf5 31. Bh6+ Kg6 32. Ne3 Rh8 33. Bf4 Rxh1 34. Kxh1 Bd2 35. Kg2 Bxe3 36. Bxe3 Nc3 37. Bf4 Ne4 38. Kf3 Kf6 39. Ke3 b6 40. axb6 axb6 41. Kf3 Ke7 42. g4 Nc3 43. gxf5 Nd1 44. f6+ Kd7 45. Kg4 Nb2 46. Kh5 Nxc4 47. Kh6 Ke8 48. Kg7 b5 0-1


[Site "https://www.chess.com"]

[Event "Titled Tuesday Blitz April 12 Late 2022"]
[White "Santos Ruiz, Miguel"]
[Black "Iskusnyh, Sergei"]
[WhiteFideId "22291482"]
[BlackFideId "4120027"]
[WhiteElo "2486"]
[BlackElo "2492"]
[Result "1-0"]
[Round "11"]
[TimeControl "180+1"]
[Date "2022.04.12"]
[WhiteClock "0:01:24"]
[BlackClock "0:00:16"]

1. e4 e6 2. d4 d5 3. Nd2 c5 4. Ne2 Nc6 5. exd5 exd5 6. g3 Bg4 7. h3 Bh5 8. Bg2 Nxd4 9. g4 Bg6 10. Nxd4 cxd4 11. O-O Bd6 12. Nb3 h5 13. Re1+ Kf8 14. g5 Ne7 15. Nxd4 Rc8 16. c3 h4 17. Qf3 Bh5 18. Ne6+ Kg8 19. Nxd8 Bxf3 20. Nxb7 Bxg2 21. Nxd6 Bxh3 22. Rxe7 Rd8 23. Nxf7 Kf8 24. Rxa7 Re8 25. Be3 Rh5 26. Kh2 Bf5 27. a4 h3 28. a5 Rh4 29. a6 Rg4 30. Rg1 Ra4 31. Nd6 Re5 32. Rf7+ 1-0


[Site "https://www.chess.com"]